Map: Abiogenesis LE

Players

KariBig

  • Race: Terran Terran
  • League: Platinum
  • Spawn Location: 5:00

Juxtapose - Winner!

  • Race: Protoss Protoss
  • League: Platinum
  • Spawn Location: 11:00

VOD

https://youtu.be/AxFNe0O84Bs

Description

A short but interesting match, as apparently, I'm saved by the phone!

Time

  • Played on: Feb. 4, 2018, 10:05 a.m.
  • Length: 5:49
Show
View Real Time Build Order
Export as new Build Order

KariBig Terran 

Build Orders: Reaper Expand 

Get SALT Encoding   

  12  0:01  SCV  
  13  0:13  SCV  
  14  0:17  Supply Depot  
  14  0:25  SCV  
  15  0:38  SCV  
  15  0:41  Barracks  
  16  0:46  Refinery  
  16  0:53  SCV  
  17  1:05  SCV  
  18  1:17  SCV  
  19  1:30  Orbital Command  
  19  1:31  Reaper  
  20  1:50  Command Center  
  20  1:56  SCV  
  21  2:12  Factory  
  21  2:14  Supply Depot  
  21  2:17  Barracks Tech Lab  
  21  2:18  SCV  
  22  2:23  Refinery  
  22  2:45  SCV  
  23  3:10  Engineering Bay  
  23  3:11  Widow Mine  
  23  3:12  Marine, Stimpack  
  26  3:18  Orbital Command  
  25  3:21  SCV  
  26  3:32  Supply Depot  
  26  3:33  SCV  
  27  3:42  Bunker  
  27  3:48  Missile Turret  
  27  3:51  Missile Turret, SCV  
  27  3:54  Cyclone  
  31  4:00  Supply Depot, Starport  
  31  4:02  Supply Depot  
  31  4:06  SCV  
  32  4:24  SCV x2  
  33  4:36  SCV  
  34  4:40  Starport Tech Lab  
  34  4:41  Factory Reactor  
  34  4:46  Barracks  
  34  4:49  Barracks  
  34  4:50  Barracks  
  34  4:51  Supply Depot  
  34  4:52  Supply Depot, SCV  
  35  4:58  SCV  
  36  5:07  SCV  
  37  5:21  SCV x2  
  39  5:23  Refinery  
  42  5:33  Refinery, SCV x2  
  44  5:40  Barracks Reactor  
Show
View Real Time Build Order
Export as new Build Order

Juxtapose Protoss - Winner!

Build Orders: Oracle Opening 

Get SALT Encoding   

  12  0:01  Probe  
  13  0:13  Probe  
  14  0:20  Pylon  
  14  0:25  Probe  
  15  0:38  Probe  
  15  0:40  Gateway  
  16  0:51  Probe  
  16  0:52  Assimilator  
  17  1:01  Pylon  
  17  1:03  Probe  
  18  1:15  Probe  
  19  1:27  Probe  
  19  1:31  Cybernetics Core  
  20  1:37  Zealot  
  20  1:39  Probe  
  23  1:40  Assimilator  
  23  1:51  Probe  
  24  1:55  Pylon  
  24  2:11  Stargate  
  24  2:19  Pylon  
  24  2:30  Shield Battery  
  24  2:34  Warp Gate  
  25  2:37  Probe  
  25  2:50  Probe  
  25  2:56  Oracle (Chrono Boost)  
  27  3:03  Probe  
  26  3:06  Adept  
  27  3:15  Probe  
  27  3:26  Gateway  
  27  3:27  Forge, Probe  
  28  3:37  Adept  
  30  3:42  Probe  
  31  4:09  Nexus  
  28  4:34  Probe  
  29  4:40  Void Ray  
  29  4:45  Stalker  
  35  4:46  Stalker, Probe  
  38  4:58  Probe  
  38  5:10  Probe  
  39  5:14  Gateway  
  39  5:18  Twilight Council  
  39  5:23  Photon Cannon  
  39  5:25  Probe  
  40  5:34  Pylon  
  42  5:49  Pylon  
Tags
 
Add a new tag
Caveats
  • Supply blocks, unpowered buildings, or Contaminate may cause inaccurate times.
  • Supply counts are checked every 10 seconds.